 Dungeon Crawl Stone Soup version 0.17.0-24-gcfadda4 (webtiles) character file.

1453 M4edhros the Covert (level 8, -8/48 HPs)
             Began as an Octopode Artificer on Nov 15, 2015.
             Was a Believer of Okawaru.
             Mangled by a wight
             ... wielding a +1 long sword
              (11 damage)
             ... on level 7 of the Dungeon.
             The game lasted 00:10:45 (6088 turns).

M4edhros the Covert (Octopode Artificer)            Turns: 6088, Time: 00:10:45

Health: -8/48      AC:  1    Str:  8    XL:     8   Next: 75%
Magic:  12/12      EV: 12    Int: 15    God:    Okawaru [**....]
Gold:   315        SH:  0    Dex: 14    Spells: 0 memorised, 7 levels left

rFire  . . .     SeeInvis .     h - +2 scimitar (elec)
rCold  + . .     Clarity  .     (no shield)
rNeg   . . .     SustAt   .     (helmet restricted)
rPois  .         Gourm    .     (no amulet)
rElec  +         Spirit   .     r - ring of flight
rCorr  .         Warding  .     A - ring of invisibility
rMut   .         Stasis   .     K - ring of protection from cold
MR     .....                    (no ring)
Stlth  +++++.....               (no ring)
                                (no ring)
                                (no ring)
                                (no ring)

@: drained, not resistant to hostile enchantments, quite stealthy
A: almost no armour, amphibious, 8 rings, constrict 8, tentacle spike 1,
camouflage 1, electricity resistance, weak 1, gelatinous body 1
a: Heroism, Renounce Religion, Evoke Invisibility, Evoke Flight


You were on level 7 of the Dungeon.
You worshipped Okawaru.
Okawaru was pleased with you.
You were very hungry.

You visited 1 branch of the dungeon, and saw 7 of its levels.

You collected 315 gold pieces.

Inventory:

Hand Weapons
 a - a +0 short sword
 h - a +2 scimitar of electrocution (weapon)
 x - a +0 hunting sling
Missiles
 n - 26 sling bullets
 y - 3 javelins (quivered)
 J - 150 stones
Magical Staves
 Q - an uncursed staff of power
Jewellery
 o - an uncursed amulet of resist mutation
 r - a ring of flight (left tentacle)
 A - a ring of invisibility (right tentacle)
 K - a ring of protection from cold (on tentacle)
Wands
 b - a wand of flame (3)
 c - a wand of enslavement (10)
 d - a wand of random effects (3)
 t - a wand of draining (2)
Scrolls
 i - 4 scrolls of magic mapping
 j - a scroll of noise
 l - 2 scrolls of remove curse
 m - a scroll of fear {unknown}
 u - 2 scrolls of enchant armour
 B - 2 scrolls of teleportation
 C - a scroll of immolation
 G - a scroll of blinking
 H - a scroll of amnesia {unknown}
 I - 2 scrolls of fog
 L - 3 scrolls of identify
 M - a scroll of holy word {unknown}
 N - a scroll of enchant weapon {unknown}
Potions
 f - 4 potions of curing
 g - a potion of invisibility {unknown}
 k - a potion of degeneration {unknown}
 p - a potion of might {unknown}
 q - a potion of brilliance {unknown}
 s - a potion of cancellation {unknown}
 v - 3 potions of heal wounds {unknown}
 w - a potion of poison {unknown}
 z - a potion of berserk rage {unknown}
 E - 2 potions of flight {unknown}
Books
 F - a Grand Grimoire

   Spells                             Type                      Level
   a - Monstrous Menagerie            Summoning                    6
   b - Summon Greater Demon           Summoning                    7
   c - Malign Gateway                 Summoning/Translocation      7
   d - Summon Horrible Things         Summoning                    8
Comestibles
 e - 3 bread rations
 D - a slice of pizza
 O - a meat ration
 P - a beef jerky


   Skills:
 - Level 1.0(0.0) Fighting
 - Level 1.0 Short Blades
 + Level 2.6(1.7) Long Blades
 * Level 5.7(4.6) Slings
 - Level 2.0(1.0) Dodging
 * Level 9.6(8.4) Stealth
 + Level 6.0(4.9) Evocations


You had 7 spell levels left.
You didn't know any spells.

Dungeon Overview and Level Annotations

Branches:
Dungeon (7/15)             Temple (0/1) D:6

Altars:
Dithmenos
Elyvilon
Fedhas
Kikubaaqudgha
Nemelex Xobeh
Okawaru
Ru
Trog
Xom


Innate Abilities, Weirdness & Mutations

You cannot wear most types of armour.
You are amphibious.
You can wear up to eight rings at the same time.
You can use your tentacles to constrict eight enemies at once.
Your skin changes colour to match your surroundings (Stealth).
Your rubbery body absorbs attacks (AC +1).
One of your tentacles bears a spike.
You are resistant to electric shocks.
You are weak. (Str -2)


Message History

You feel drained.
* * * LOW HITPOINT WARNING * * *
A wight comes into view. It is wielding an enchanted spear.
Drink which item? (? for menu, Esc to quit)
You feel better.
You constrict the wight.
The wight hits you with an enchanted long sword!
* * * LOW HITPOINT WARNING * * *
You feel drained.
* * * LOW HITPOINT WARNING * * *
You release your grip on the wight.
Items here: )) [ † an enchanted great sword; a robe; a club; an orc corpse Evoke which item? (* to show all) (? for menu, Esc to quit)
Zapping:
c - a wand of enslavement (11)
Press: ? - help, Shift-Dir - straight line, f - wight
Aim: a wight, wielding an enchanted long sword and wearing a robe (moderately damaged, chance to defeat MR: 56%)
The wight resists with significant effort.
This wand has 10 charges left.
The wight hits you with an enchanted long sword!
You die...

###.######
......zz.#
#....%##@#
..... #.#
##.. #.#
#. #.# #.#
# #.# ..
#.## ..
#..# .#
##.# .#
#.# #.#


You could see 2 wights.

Vanquished Creatures
  Menkaure (D:6)
  2 sky beasts
  An ice beast (D:7)
  An ogre (D:4)
  2 scorpions
  2 jellies
  5 wights (D:7)
  2 crimson imps (D:6)
  2 hounds
  An orc priest (D:5)
  2 iguanas (D:6)
  5 worker ants
  2 orc wizards (D:6)
  A hound skeleton (D:6)
  A worker ant zombie (D:7)
  A gnoll (D:6)
  A shadow imp (D:5)
  6 adders
  An ooze (D:1)
  5 worms
  5 giant geckos
  18 orcs
  2 ball pythons
  6 bats
  6 giant cockroaches
  6 hobgoblins
  9 jackals
  A giant gecko skeleton (D:4)
  8 giant newts
  5 goblins
  A jackal skeleton (D:5)
  7 kobolds
  4 quokkas
  4 rats
126 creatures vanquished.

Vanquished Creatures (collateral kills)
  An orc priest (D:5)
  2 orcs (D:6)
3 creatures vanquished.

Vanquished Creatures (others)
  A giant frog (D:6)
1 creature vanquished.

Grand Total: 130 creatures vanquished

Notes
Turn   | Place    | Note
--------------------------------------------------------------
     0 | D:1      | M4edhros the Octopode Artificer began the quest for the Orb.
     0 | D:1      | Reached XP level 1. HP: 13/13 MP: 3/3
    64 | D:1      | Reached XP level 2. HP: 6/18 MP: 4/4
   847 | D:1      | Reached XP level 3. HP: 17/23 MP: 5/5
  1428 | D:3      | Reached skill level 4 in Stealth
  1463 | D:3      | Reached XP level 4. HP: 23/28 MP: 5/7
  1609 | D:3      | Found a sparkling altar of Nemelex Xobeh.
  1761 | D:3      | Found a sparkling altar of Nemelex Xobeh.
  1761 | D:3      | Found a shadowy altar of Dithmenos.
  2032 | D:4      | Noticed an ogre
  2125 | D:4      | Killed an ogre
  2125 | D:4      | Reached skill level 1 in Slings
  2125 | D:4      | Reached skill level 5 in Stealth
  2125 | D:4      | Reached XP level 5. HP: 33/33 MP: 8/8
  2233 | D:4      | Reached skill level 6 in Stealth
  2238 | D:4      | Reached XP level 6. HP: 12/38 MP: 9/9
  2535 | D:5      | Entered Level 5 of the Dungeon
  2880 | D:5      | Found an iron altar of Okawaru.
  2952 | D:5      | Reached skill level 7 in Stealth
  2952 | D:5      | Reached skill level 5 in Evocations
  3172 | D:5      | Became a worshipper of Warmaster Okawaru
  3177 | D:5      | Reached XP level 7. HP: 38/43 MP: 10/10
  3254 | D:2      | Found a shimmering altar of Xom.
  3255 | D:2      | Found a bloodstained altar of Trog.
  3256 | D:2      | Found a sacrificial altar of Ru.
  3258 | D:2      | Found a white marble altar of Elyvilon.
  3259 | D:2      | Found an ancient bone altar of Kikubaaqudgha.
  4421 | D:6      | Noticed Blork the orc
  4425 | D:6      | Noticed Blork
  4425 | D:6      | Blork the orc changed into Blork the gnoll
  4575 | D:6      | Killed Blork the gnoll
  4642 | D:6      | Found a blossoming altar of Fedhas.
  4647 | D:6      | Noticed Menkaure
  4782 | D:6      | Reached skill level 8 in Stealth
  4794 | D:6      | Gained mutation: You are weak. (Str -2) [potion of mutation]
  4794 | D:6      | Gained mutation: You are resistant to electric shocks. [potion of mutation]
  4794 | D:6      | Gained mutation: One of your tentacles bears a spike. [potion of mutation]
  5051 | D:6      | Killed Menkaure
  5051 | D:6      | Reached * piety under Okawaru
  5051 | D:6      | Reached skill level 1 in Long Blades
  5051 | D:6      | Reached XP level 8. HP: 22/48 MP: 12/12
  5429 | D:6      | Found a staircase to the Ecumenical Temple.
  5643 | D:6      | Reached skill level 5 in Slings
  5707 | D:6      | Reached skill level 9 in Stealth
  6070 | D:7      | Reached ** piety under Okawaru
  6088 | D:7      | Mangled by a wight

Action                   |  1- 3 |  4- 6 |  7- 9 || total
-------------------------+-------+-------+-------++-------
Melee: Short sword       |    73 |    68 |    47 ||   188
       Scimitar          |       |       |    78 ||    78
 Fire: Hunting sling     |       |     6 |       ||     6
Evoke: Wand              |       |    14 |    15 ||    29
  Use: Potion            |     1 |       |     5 ||     6
       Scroll            |       |     5 |     3 ||     8
 Stab: Sleeping          |     7 |     8 |    13 ||    28
       Distracted        |       |     2 |       ||     2
  Eat: Chunk             |     1 |     4 |     5 ||    10
       Meat ration       |       |       |     1 ||     1
